 Dungeon Crawl Stone Soup version 0.27-a0-931-g5a74e75d8f (webtiles) character file.

Game seed: 12856550232601844380

20229 Alarkh the Martial Artist (level 12, -9/96 HPs)
             Began as a Demonspawn Gladiator on Apr 10, 2021.
             Was a Priest of Uskayaw.
             Shot with an arrow by a centaur warrior (26 damage)
             ... on level 13 of the Dungeon.
             The game lasted 00:29:21 (13176 turns).

Alarkh the Martial Artist (Demonspawn Gladiator)   Turns: 13176, Time: 00:29:22

Health: -9/96      AC: 11    Str: 14    XL:     12   Next: 43%
Magic:  20/21      EV: 15    Int: 15    God:    Uskayaw [***...]
Gold:   816        SH:  0    Dex: 15    Spells: 20/23 levels left

rFire    . . .     SeeInvis +     - Unarmed
rCold    + + +     Faith    +   (no shield)
rNeg     . . .     Spirit   .   P - +2 troll leather armour
rPois    .         Reflect  .   b - +0 helmet
rElec    .         Harm     .   u - +1 cloak
rCorr    +         Rampage  .   (gloves unavailable)
Will     .....                  (no boots)
Stlth    ++........             F - amulet of faith
HPRegen  1.26/turn              C - ring of protection from cold
MPRegen  0.17/turn              g - ring "Moguf" {rC++ rCorr SInv}

@: no status effects
A: claws 3, cold resistance 1, demonic guardian 1, powered by death 2, sharp
scales 2
a: Renounce Religion, Stomp, Line Pass


You were on level 13 of the Dungeon.
You worshipped Uskayaw.
Uskayaw was noncommittal.
You visited 3 branches of the dungeon, and saw 15 of its levels.
You also visited: Sewer.

You collected 942 gold pieces.
You spent 126 gold pieces at shops.

Inventory:

Missiles
 c - 2 throwing nets (quivered)
 f - 66 poisoned darts
 K - 7 curare-tipped darts
Armour
 b - a +0 helmet (worn)
 u - a +1 cloak (worn)
 J - +0 steam dragon scales
 L - +0 acid dragon scales
 P - a +2 troll leather armour (worn)
Magical Staves
 j - a staff of air
Jewellery
 d - a ring of wizardry
 g - the ring "Moguf" (right claw) {rC++ rCorr SInv}
   (You acquired it on level 4 of the Dungeon)

   [ring of resist corrosion]

   It greatly protects you from cold.
   It lets you see invisible.
   It protects you from acid and corrosion.
 l - a ring of flight
 C - a ring of protection from cold (left claw)
 F - an amulet of faith (around neck)
 H - a ring of ice
 N - a ring of see invisible
Wands
 t - a wand of flame (27)
 y - a wand of mindburst (37)
 B - a wand of random effects (51)
 G - a wand of polymorph (9)
 Q - a wand of charming (10)
Scrolls
 e - a scroll of summoning
 i - 2 scrolls of teleportation
 k - 4 scrolls of enchant weapon
 m - a scroll of blinking
 q - a scroll of amnesia
 r - 2 scrolls of identify
 s - 2 scrolls of vulnerability
 v - a scroll of torment
 D - a scroll of magic mapping
 E - 3 scrolls of noise
 O - a scroll of brand weapon
Potions
 a - 2 potions of flight
 h - 3 potions of haste
 n - 5 potions of curing
 o - 2 potions of invisibility
 p - a potion of attraction
 w - a potion of mutation
 x - a potion of heal wounds
 z - 2 potions of resistance
 A - 3 potions of lignification
 I - a potion of berserk rage
 M - 2 potions of might


   Skills:
 + Level 9.5 Fighting
 - Level 1.7 Throwing
 + Level 2.4 Armour
 + Level 7.0 Dodging
 + Level 4.2 Stealth
 * Level 12.1 Unarmed Combat
 - Level 6.0 Spellcasting
 - Level 6.0 Conjurations
 - Level 2.0 Hexes
 + Level 5.7 Invocations


You had 20 spell levels left.
You knew the following spells:

 Your Spells              Type           Power      Damage    Failure   Level
a - Dazzling Flash        Conj/Hex       32%        N/A       11%         3

Your spell library contained the following spells:

 Spells                   Type           Power      Damage    Failure   Level
 Corona                   Hex            11%        N/A       8%          1
 Animate Skeleton         Necr           8%         N/A       19%         1
 Apportation              Tloc           8%         N/A       19%         1
 Summon Small Mammal      Summ           16%        N/A       19%         1
 Ensorcelled Hibernation  Hex/Ice        14%        N/A       19%         2
 Confusing Touch          Hex            10%        N/A       24%         3
 Tukima's Dance           Hex            10%        N/A       24%         3
 Iskenderun's Battlesphe  Conj           22%        2d8       38%         5
 Ignite Poison            Fire/Tmut/Pois 4%         N/A       47%         3
 Cause Fear               Hex            5%         N/A       61%         4
 Animate Armour           Summ/Erth      8%         N/A       87%         4
 Bolt of Magma            Conj/Fire/Erth 5%         4d5       91%         5
 Metabolic Englaciation   Hex/Ice        3%         N/A       97%         5
 Yara's Violent Unravell  Hex/Tmut       3%         3d4       97%         5
 Invisibility             Hex            10%        N/A       100%        6
 Iron Shot                Conj/Erth      6%         9d2       100%        6
 Orb of Destruction       Conj           11%        9d5       100%        7
 Spellforged Servitor     Conj/Summ      6%         N/A       100%        7


Dungeon Overview and Level Annotations

Branches:
Dungeon (13/15)            Temple (1/1) D:7            Lair (1/6) D:8
    Orc (0/2) D:9           Sewer (visited)
 Vaults: D:13-14

Altars:
Ashenzari
Cheibriados
Dithmenos
Elyvilon
Fedhas
Gozag
Hepliaklqana
Kikubaaqudgha
Makhleb
Nemelex Xobeh
Okawaru
Qazlal
Ru
Sif Muna
Trog
Uskayaw
Vehumet
Wu Jian
Xom
Yredelemnul
Zin
The Shining One

Shops:
D:3 *   D:4 [   D:9 (

Annotations:
D:10 exclusion: door
D:11 3 runed translucent doors, Lanoc's ghost, journeyman DrDe; Lanoc's ghost, journeyman NaBe; semitonal's ghost, journeyman TrCK


Innate Abilities, Weirdness & Mutations

You have claws for hands.
Your flesh is cold resistant. (rC+)
A weak demonic guardian rushes to your aid.
You regenerate health from kills.
You are mostly covered in razor-sharp scales. (AC +2, Slay +2)


Message History

You claw the centaur warrior!
The centaur warrior is moderately wounded.
The centaur warrior hits you!
The centaur warrior kicks you but does no damage.
You can now pass through a line of other dancers.
You are too injured to fight recklessly!
You are too injured to fight recklessly!
You are too injured to fight recklessly!
You claw the centaur warrior!
The centaur warrior is heavily wounded.
The centaur warrior hits you! The centaur warrior closely misses you.
You closely miss the centaur warrior.
The centaur warrior is heavily wounded.
The centaur warrior hits you! The centaur warrior kicks you.
You claw the centaur warrior! Your claw misses the centaur warrior.
The centaur warrior is severely wounded.
The centaur warrior barely misses you.
The centaur warrior kicks you but does no damage.
The centaur warrior misses you. The centaur warrior kicks you.
* * * LOW HITPOINT WARNING * * *
Uskayaw will force your foes to helplessly watch your dance.
Uskayaw prepares the audience for your solo!
The helpless centaur warrior fails to defend itself.
You mangle the centaur warrior!!
You kill the centaur warrior!
The centaur warrior is no longer paralysed.
The centaur warrior wields a +0 longbow.
The centaur warrior shoots an arrow.
The arrow hits you!
* * * LOW HITPOINT WARNING * * *
Training target 6.0 for Spellcasting reached!
Your Dodging skill increases to level 7!
Your Spellcasting skill increases to level 6!
Okay, then.
Blink to where?
Press: ? - help, Dir - move target
As you read the scroll of blinking, it crumbles to dust.
The centaur warrior shoots an arrow.
The arrow misses you.
The centaur warrior shoots an arrow.
The arrow barely misses you.
The centaur warrior shoots an arrow.
The arrow hits you!!
You die...

### ..# #.# #.#
#.# #.#
##..##@#########
#..........§)c.#
###..#########.#
##. #


You could see a centaur warrior.

Vanquished Creatures
  A centaur warrior (D:13)
  2 two-headed ogres
  2 wizards (D:12)
  A deep elf pyromancer (D:12)
  2 deep elf zephyrmancers (D:12)
  A cyclops (D:12)
  Joseph (D:10)
  A gargoyle (D:12)
  4 kobold demonologists
  A komodo dragon (D:9)
  2 trolls
  A meliai zombie (D:11)
  Prince Ribbit (D:8)
  5 slime creatures
  The ghost of Lenkkari the Covered, an amateur GrFi (D:5)
  Sigmund (D:3)
  Eustachio (D:5)
  4 shadows
  2 basilisks
  4 wyverns
  3 humans
  A wraith (D:11)
  18 yaks
  2 steam dragons
  2 vampire mosquitoes (D:12)
  Edmund (D:5)
  2 acid dragons
  Duvessa (D:6)
  2 water moccasins
  Purgy (Sewer)
  6 orc warriors
  A swamp drake (D:9)
  A hornet zombie (D:5)
  An ice beast (D:7)
  4 black bears
  A sky beast (D:4)
  3 ogres
  4 centaurs
  3 phantoms
  5 kobold brigands
  3 scorpions
  4 bullfrogs
  3 gnoll sergeants
  Dowan (D:6)
  2 water moccasin skeletons
  5 killer bees (D:9)
  8 wights (D:8)
  5 electric eels
  6 howler monkeys
  2 jellies (D:5)
  2 bullfrog zombies
  3 hounds
  A centaur skeleton (D:5)
  15 orc priests
  An iron imp (D:9)
  5 iguanas
  16 orc wizards
  A statue (D:8)
  A howler monkey zombie (D:8)
  13 gnolls
  A river rat (D:4)
  6 adders
  A howler monkey skeleton (D:7)
  2 shadow imps
  A white imp (D:6)
  3 ufetubi
  2 worms
  47 orcs
  4 endoplasms
  6 giant cockroaches
  6 goblins
  7 hobgoblins
  11 jackals
  5 quokkas
  9 ball pythons
  A bat (D:3)
  7 frilled lizards
  A jackal skeleton (D:10)
  24 kobolds
  6 rats
347 creatures vanquished.

Vanquished Creatures (collateral kills)
  A yak (D:8)
  2 gnolls (D:10)
3 creatures vanquished.

Vanquished Creatures (others)
  5 plants
  4 withered plants (D:11)
9 creatures vanquished.

Grand Total: 359 creatures vanquished

Notes
Turn   | Place    | Note
-------+----------+-------------------------------------------
     0 | D:1      | Alarkh the Demonspawn Gladiator began the quest for the
                  | Orb.
     0 | D:1      | Reached XP level 1. HP: 16/16 MP: 1/1
   143 | D:1      | Reached skill level 3 in Unarmed Combat
   209 | D:1      | Gained mutation: You are partially covered in razor-sharp
                  | scales. (AC +1, Slay +1) [demonic ancestry]
   209 | D:1      | Reached XP level 2. HP: 22/22 MP: 2/2
   597 | D:1      | Found a faded altar of an unknown god.
   844 | D:2      | Gained mutation: You have sharp fingernails. [demonic
                  | ancestry]
   844 | D:2      | Reached XP level 3. HP: 11/28 MP: 3/3
  1640 | D:3      | Reached skill level 4 in Unarmed Combat
  1685 | D:3      | Found a sparkling altar of Nemelex Xobeh.
  1801 | D:3      | Noticed Sigmund
  1838 | D:3      | Killed Sigmund
  1839 | D:3      | Reached skill level 5 in Unarmed Combat
  1839 | D:3      | Gained mutation: A weak demonic guardian rushes to your
                  | aid. [demonic ancestry]
  1839 | D:3      | Reached XP level 4. HP: 37/37 MP: 4/4
  1839 | D:3      | Gained mutation: You are mostly covered in razor-sharp
                  | scales. (AC +2, Slay +2) [demonic ancestry]
  1839 | D:3      | Reached XP level 5. HP: 42/42 MP: 5/5
  1865 | D:3      | Found Gozag's Platinum Reserve.
  1871 | D:3      | Found an opulent altar of Gozag.
  2463 | D:4      | Noticed an ogre
  2584 | D:4      | Reached XP level 6. HP: 30/48 MP: 6/6
  2671 | D:4      | Identified a scroll of acquirement
  2671 | D:4      | Acquired the ring "Moguf" {rC++ rCorr SInv}
  2729 | D:4      | Found a glowing drain.
  2752 | Sewer    | Entered a sewer
  2799 | Sewer    | Noticed Purgy
  2810 | Sewer    | Killed Purgy
  3276 | D:4      | Reached skill level 6 in Unarmed Combat
  3499 | D:4      | Found Toracis's Armour Shop.
  3763 | D:5      | Entered Level 5 of the Dungeon
  3763 | D:5      | Noticed a sky beast
  3776 | D:4      | Killed a sky beast
  3777 | D:4      | Gained mutation: You regenerate a little health from kills.
                  | [demonic ancestry]
  3777 | D:4      | Reached XP level 7. HP: 25/55 MP: 7/7
  3919 | D:5      | Found a transporter.
  4007 | D:5      | Found a transporter.
  4020 | D:5      | Reached skill level 5 in Fighting
  4023 | D:5      | Noticed Lenkkari's ghost (amateur GrFi)
  4141 | D:5      | Noticed Edmund
  4346 | D:5      | Reached skill level 7 in Unarmed Combat
  4378 | D:5      | Killed Edmund
  4533 | D:5      | Reached XP level 8. HP: 38/64 MP: 8/8
  4747 | D:5      | Reached skill level 8 in Unarmed Combat
  4777 | D:4      | Bought a +1 cloak for 126 gold pieces
  5174 | D:6      | Noticed Eustachio
  5242 | D:5      | Killed Eustachio
  5289 | D:6      | Reached skill level 9 in Unarmed Combat
  5331 | D:6      | Gained mutation: You have very sharp fingernails. [demonic
                  | ancestry]
  5331 | D:6      | Reached XP level 9. HP: 49/71 MP: 9/9
  5544 | D:6      | Noticed Dowan
  5679 | D:6      | Noticed Duvessa
  5687 | D:6      | Killed Duvessa
  5692 | D:6      | Killed Dowan
  6086 | D:7      | Found a staircase to the Ecumenical Temple.
  6092 | Temple   | Entered the Ecumenical Temple
  6202 | Temple   | Became a worshipper of Uskayaw the Reveller
  6364 | D:7      | Reached * piety under Uskayaw
  6367 | D:7      | Reached ** piety under Uskayaw
  6759 | D:8      | Reached skill level 10 in Unarmed Combat
  6760 | D:8      | Reached *** piety under Uskayaw
  6805 | D:8      | Reached **** piety under Uskayaw
  6815 | D:8      | Reached skill level 5 in Dodging
  6816 | D:8      | Reached ***** piety under Uskayaw
  7045 | D:8      | Gained mutation: You have claws for hands. [demonic
                  | ancestry]
  7045 | D:8      | Reached XP level 10. HP: 67/80 MP: 10/10
  7130 | D:8      | Found an iron altar of Okawaru.
  7238 | D:8      | Reached ****** piety under Uskayaw
  7609 | D:8      | Found a broken altar of Ashenzari.
  7728 | D:8      | Found a radiant altar of Vehumet.
  7772 | D:8      | Reached skill level 1 in Invocations
  7788 | D:8      | Reached skill level 1 in Stealth
  7807 | D:8      | Found a staircase to the Lair.
  7812 | D:8      | Reached skill level 11 in Unarmed Combat
  8059 | Lair:1   | Entered Level 1 of the Lair of Beasts
  8122 | Lair:1   | Noticed a five-headed hydra
  8164 | Lair:1   | Noticed a black mamba
  8238 | Lair:1   | Noticed an eight-headed hydra
  8342 | D:9      | Noticed Prince Ribbit
  8353 | D:8      | Killed Prince Ribbit
  8650 | D:9      | Noticed a two-headed ogre
  8674 | D:9      | Killed a two-headed ogre
  8679 | D:9      | Noticed an orange demon
  8703 | D:9      | Noticed a sixfirhy
  9129 | D:9      | Noticed an orange demon
  9139 | D:8      | Gained mutation: You regenerate health from kills. [demonic
                  | ancestry]
  9139 | D:8      | Reached XP level 11. HP: 89/89 MP: 14/14
  9561 | D:9      | Found Soajoe's Weapon Emporium.
  9593 | D:9      | Learned a level 3 spell: Dazzling Flash
  9745 | D:9      | Found a staircase to the Orcish Mines.
  9757 | D:9      | Reached skill level 1 in Spellcasting
  9757 | D:9      | Reached skill level 1 in Conjurations
  9757 | D:9      | Reached skill level 1 in Hexes
  9863 | D:9      | Found a snail-covered altar of Cheibriados.
  9905 | D:10     | Entered Level 10 of the Dungeon
 10332 | D:10     | Noticed Joseph
 10632 | D:10     | Killed Joseph
 10733 | D:10     | Found a runed translucent door.
 10741 | D:10     | Found a basalt altar of Yredelemnul.
 11080 | D:5      | Killed Lenkkari's ghost
 11468 | D:11     | Noticed a two-headed ogre
 11491 | D:11     | Killed a two-headed ogre
 11516 | D:11     | Reached skill level 5 in Conjurations
 11687 | D:11     | Found a runed translucent gate.
 11687 | D:11     | Found a runed translucent gate.
 11688 | D:11     | Noticed semitonal's ghost (journeyman TrCK)
 11688 | D:11     | Noticed Lanoc's ghost (journeyman NaBe)
 11689 | D:11     | Found a runed translucent gate.
 11690 | D:11     | Noticed Lanoc's ghost (journeyman DrDe)
 12132 | D:12     | Reached skill level 5 in Spellcasting
 12214 | D:12     | Reached skill level 1 in Armour
 12258 | D:12     | Noticed a deep elf zephyrmancer
 12259 | D:12     | Noticed a wizard
 12283 | D:12     | Killed a deep elf zephyrmancer
 12284 | D:12     | Gained mutation: Your flesh is cold resistant. (rC+)
                  | [demonic ancestry]
 12284 | D:12     | Reached XP level 12. HP: 66/95 MP: 20/20
 12311 | D:12     | Identified Ts'ui Pên's Incunabulum of Forking Paths
 12477 | D:12     | Reached skill level 5 in Invocations
 12905 | D:12     | Reached skill level 12 in Unarmed Combat
 12913 | D:12     | Identified the Almanac of Dhcmrlchtdj
 12920 | D:12     | Identified the Volume of Axaxaxas mlö
 13163 | D:13     | Noticed a centaur warrior
 13164 | D:13     | Noticed a centaur warrior
 13174 | D:13     | Killed a centaur warrior
 13176 | D:13     | Shot with an arrow by a centaur warrior

Illustrated notes

Levels and vault maps discovered:
D:1:      tarquinn_simple_flora_water_d, layout_rooms,
          hellmonk_ecumenical_altar_leap_of_faith
D:2:      layout_rooms, minmay_box_of_dots
D:3:      layout_basic, general_overflow_altar, lemuel_tele_altar,
          nicolae_gozag_zags_fifth_avenue, minmay_misc_feat_roman, uniq_sigmund
D:4:      layout_basic, gup_sewer_entry_bubbles, serial_shops,
          nicolae_shop_trees
D:5:      layout_rooms, gammafunk_ghost_mausoleum, uniq_edmund
D:6:      layout_cave_pools, minivault_22, st_stairs_13, uniq_duvessa,
          uniq_eustachio
D:7:      layout_loops_cross, minmay_temple_entry_enclosed_plants
D:8:      layout_basic, vehumet_statue, okawaru_humans, lemuel_doored_altar,
          erik_lair_dragon
D:9:      layout_rooms, slow_altar_1, erik_orc_1, serial_shops,
          nicolae_shop_waterfront, skrybe_limestone_x, serial_park_tiny_2,
          minmay_lizard_king, uniq_prince_ribbit1
D:10:     layout_big_octagon, dk_yredelemnul_ordeal, evilmike_minifort,
          uniq_joseph
D:11:     layout_loops_ring, gammafunk_ghost_cemetery
D:12:     layout_basic, bh_hangedman_babel_library
D:13:     minmay_the_grid_octo_triangle [minmay_the_grid_octo_fan_narrow,
          minmay_the_grid_octo_prize_square_snowflake,
          minmay_the_grid_octo_teeth], layout_loops_ring, uniq_jorgrun,
          uniq_kirke
Temple:   nicolae_temple_great_sept
Lair:1:   layout_cave_pods, serial_bayou_ford_a, infiniplex_staircase_pool_2,
          grunt_megastairs_3, uniq_urug

Skill      XL: |  1  2  3  4  5  6  7  8  9 10 11 12 |
---------------+-------------------------------------+-----
Unarmed Combat | 3 5 6 7 9 10 11 12 | 12.1
Fighting       | 3 4 5 6 8 9 |  9.5
Dodging        | 3 5 6 7 |  7.0
Invocations    | 4 5 |  5.7
Stealth        | 2 3 4 |  4.2
Spellcasting   | 5 6 |  6.0
Conjurations   | 6 |  6.0
Hexes          | 2 |  2.0
Armour         | 1 2 |  2.4
Throwing       | |  1.7

Action                   |  1- 3 |  4- 6 |  7- 9 | 10-12 || total
-------------------------+-------+-------+-------+-------++-------
Melee: Unarmed           |   158 |   107 |   317 |   553 ||  1135
       Punch             |     1 |     2 |    13 |    33 ||    49
Throw: Dart              |     4 |       |       |       ||     4
       Throwing net      |       |     1 |     8 |       ||     9
 Cast: Dazzling Flash    |       |       |       |     2 ||     2
  Use: Potion            |     2 |     3 |       |       ||     5
       Scroll            |       |     6 |     5 |    15 ||    26
 Stab: Sleeping          |     2 |     1 |       |     3 ||     6
       Held in net/web   |       |       |     3 |       ||     3
       Paralysed         |       |       |     3 |    48 ||    51
       Distracted        |       |       |       |     1 ||     1
       Invisible         |       |       |       |     1 ||     1
Armor: Leather armour    |    31 |    27 |    69 |     8 ||   135
       Skin              |       |    21 |       |       ||    21
       Steam dragon scal |       |       |       |    31 ||    31
       Acid dragon scale |       |       |       |    98 ||    98
       Troll leather arm |       |       |       |    17 ||    17
Dodge: Dodged            |   103 |    56 |   149 |   342 ||   650

Table legend: (Time is in decaauts)
 A = Elapsed time spent in this place.
 B = Non-inter-level travel time spent in this place.
 C = Inter-level travel time spent in this place.
 D = Time resting spent in this place.
 E = Time spent auto-exploring this place.
 F = Levels seen in this place.
 G = Mean time per level.
                   A        B        C        D        E       F      G
               +--------+--------+--------+--------+--------+-----+--------+
         Total |  13108 |  12101 |   1007 |   1733 |   7636 |  16 |  819.2 |
       Dungeon |  12544 |  11593 |    951 |   1710 |   7365 |  13 |  964.9 |
        Temple |    122 |     99 |     23 |      0 |     74 |   1 |  122.0 |
          Lair |    222 |    190 |     32 |      0 |    102 |   1 |  222.0 |
         Sewer |    218 |    218 |      0 |     23 |     94 |   1 |  218.0 |
               +--------+--------+--------+--------+--------+-----+--------+

Top non-repeatable levels by time:
     D:8: 1886 daAuts
     D:4: 1413 daAuts
     D:9: 1209 daAuts
     D:5: 1197 daAuts
    D:12: 1037 daAuts
     D:7: 1011 daAuts
     D:3: 1007 daAuts
    D:11: 871 daAuts
    D:10: 831 daAuts
     D:2: 732 daAuts
     D:6: 712 daAuts
     D:1: 621 daAuts
  Lair:1: 222 daAuts
   Sewer: 218 daAuts
  Temple: 122 daAuts
